 Dungeon Crawl Stone Soup version 0.30-a0-757-ga6a79fd877 (webtiles) character file.

Game seed: 1579030873356084424

455 lunkers the Cudgeller (level 7, -2/55 HPs)
             Began as a Meteoran Reaver on Feb 9, 2023.
             Was an Initiate of Gozag.
             Slain by a scorpion (6 damage)
             ... on level 4 of the Dungeon.
             The game lasted 00:04:55 (1790 turns).

lunkers the Cudgeller (Meteoran Reaver)             Turns: 1790, Time: 00:04:56

Health: -2/55      AC:  4    Str: 13    XL:     7   Next: 52%
Magic:  8/12       EV: 12    Int: 18    God:    Gozag
Gold:   421        SH:  0    Dex: 12    Spells: 5/11 levels left

rFire   . . .      SeeInvis .    j - +2 whip (venom)
rCold   . . .      Faith    .    (no shield)
rNeg    . . .      Spirit   .    b - +0 leather armour
rPois   .          Reflect  .    (no helmet)
rElec   .          Harm     .    (no cloak)
rCorr   .          Rampage  .    g - +0 pair of gloves
Will    .....                    (no boots)
Stlth   +                        (no amulet)
HPRegen 0.29/turn                (no ring)
MPRegen 0.13/turn                (no ring)

@: gold aura, immotile, glowing
A: sense surroundings 1, otherworldly, glowing, explore regen
a: Renounce Religion, Potion Petition, Call Merchant, Bribe Branch


You were on level 4 of the Dungeon.
You worshipped Gozag.
Gozag was aware of your devotion.
You visited 1 branch of the dungeon, and saw 4 of its levels.

You collected 421 gold pieces.

Inventory:

Hand Weapons
 a - a +0 mace
 j - a +2 whip of venom (weapon)
Armour
 b - a +0 leather armour (worn)
 g - a +0 pair of gloves (worn)
Jewellery
 h - an amulet of regeneration
Scrolls
 d - a scroll of vulnerability {unknown}
 f - a scroll of magic mapping {unknown}
 i - 2 scrolls of identify {unknown}
 k - a scroll of poison {unknown}
 l - a scroll of teleportation {unknown}
Potions
 c - a potion of lignification {unknown}
 e - a potion of ambrosia {unknown}
 m - a potion of magic {unknown}
 n - a potion of might {unknown}


   Skills:
 - Level 2.1 Fighting
 * Level 6.8 Maces & Flails
 - Level 2.4 Dodging
 - Level 2.6 Spellcasting
 + Level 6.5 Conjurations
 + Level 3.8 Translocations


You had 5 spell levels left.
You knew the following spells:

 Your Spells              Type           Power      Damage    Failure   Level
b - Momentum Strike       Conj/Tloc      42%        3d9       3%          2
c - Hailstorm             Conj/Ice       14%        3d5       17%         3
p - Kiss of Death         Conj/Necr      56%        2d9       5%          1

Your spell library contained the following spells:

 Spells                   Type           Power      Damage    Failure   Level


Dungeon Overview and Level Annotations

Branches:
Dungeon (4/15) Zot: 599
 Temple: D:4-7

Altars:
Gozag

Shops:
D:2 *

Annotations:
D:4 Dowan, Duvessa


Innate Abilities, Weirdness & Mutations

You passively map a small area around you.
You are easily found by Zot.
You glow in the dark.
You regain HP and MP as you explore.


Message History

Casting: Momentum Strike (safe; 4% risk of failure)
Confirm with . or Enter, or press ? or * to list all spells.
Aiming: Momentum Strike (safe; 4% risk of failure)
Press: ? - help, Dir - move target, f - ogre
Aim: an ogre, wielding a +0 giant club (86% to hit)
Okay, then.
Casting: Momentum Strike (safe; 4% risk of failure)
Confirm with . or Enter, or press ? or * to list all spells.
Casting: Hailstorm (dangerous; 17% risk of failure)
Press: ? - help, Dir - look around, f - activate A cannonade of hail descends around you!
The hail pelts the ogre!
The ogre is heavily wounded.
Unknown command.
Unknown command.
Unknown command.
Unknown command.
Casting: Hailstorm (dangerous; 17% risk of failure)
Confirm with . or Enter, or press ? or * to list all spells.
Aiming: Momentum Strike (safe; 4% risk of failure)
Press: ? - help, Dir - move target, f - ogre
Aim: an ogre, wielding a +0 giant club (heavily wounded, 86% to hit)
The concentrated momentum hits the ogre!
The ogre is almost dead.
You are unable to move.
The ogre hits you with a +0 giant club!
* * * LOW HITPOINT WARNING * * *
Unknown command.
You hit the ogre.
The ogre is poisoned.
The ogre is almost dead.
You hit the ogre but do no damage.
The ogre is almost dead.
The ogre hits you with a +0 giant club!!
* * * LOW HITPOINT WARNING * * *
You whack the ogre!
You kill the ogre!
You hit the scorpion.
The scorpion is poisoned.
The scorpion is lightly wounded.
The scorpion stings you.
You die...
Your body crumbles into a pile of gold.

, , ,, #.#.#.# ,#...
#.#.#.# #.## * *
#.#.#.### #.# ,* #,
#.###.......# #.# ,,
,#. #.......#.#.#.#.# ,
* #.###.###.###)#.#.#.#
,
,,......[..........#.##
#.#####.###.#.###.#.
..#####.s@....#
#.#.....#. *
......>.#####.#
#.#######. ........# *
#.# #.........
.#####...,, ..#
########## * * #####
### * *


You could see a scorpion (very poisoned).

Vanquished Creatures
  Grinder (D:4)
  An ogre (D:4)
  A hound (D:4)
  Terence (D:2)
  4 gnolls (D:2)
  4 adders
  A dart slug (D:3)
  5 ball pythons
  4 endoplasms
  A giant cockroach (D:3)
  4 goblins
  5 hobgoblins
  2 jackals (D:1)
  3 kobolds
  A quokka (D:2)
  4 bats
  3 frilled lizards
  4 rats
49 creatures vanquished.

Notes
Turn   | Place    | Note
-------+----------+-------------------------------------------
     0 | D:1      | lunkers the Meteoran Reaver began the quest for the Orb.
     0 | D:1      | Reached XP level 1. HP: 17/17 MP: 5/5
     4 | D:1      | Found a faded altar of an unknown god.
    31 | D:1      | Prayed at the altar of an unknown god.
    31 | D:1      | Became a worshipper of Gozag Ym Sagoz the Greedy
    96 | D:1      | Reached XP level 2. HP: 24/24 MP: 6/6
    99 | D:1      | Learned a level 2 spell: Momentum Strike
   446 | D:2      | Reached XP level 3. HP: 28/29 MP: 8/8
   451 | D:2      | Reached skill level 5 in Conjurations
   495 | D:2      | Learned a level 3 spell: Hailstorm
   645 | D:2      | Reached XP level 4. HP: 35/36 MP: 9/9
   648 | D:2      | Found Ceg Tolo's General Store.
   657 | D:2      | Reached skill level 1 in Translocations
   751 | D:2      | Noticed Terence
   766 | D:2      | Killed Terence
   830 | D:2      | Reached XP level 5. HP: 41/41 MP: 7/10
  1386 | D:3      | Reached skill level 5 in Maces & Flails
  1416 | D:4      | Noticed Dowan
  1417 | D:4      | Noticed Duvessa
  1560 | D:4      | Reached XP level 6. HP: 40/48 MP: 11/11
  1657 | D:4      | Noticed Grinder
  1662 | D:4      | Paralysed by Grinder for 4 turns
  1668 | D:4      | Killed Grinder
  1669 | D:4      | Reached XP level 7. HP: 6/55 MP: 5/12
  1790 | D:4      | Slain by a scorpion

Illustrated notes

Levels and vault maps discovered:
D:1:      amcnicky_arrival_blooded_trapdoor, layout_basic,
          hellmonk_ecumenical_altar_pennies_from_heaven
D:2:      layout_rooms, serial_shops, shop, uniq_terence
D:3:      layout_basic, minmay_misc_feat_columns
D:4:      layout_loops_ring, eat_drink_and_be_merry_uskayaw, uniq_duvessa,
          uniq_grinder

Skill      XL: |  1  2  3  4  5  6 |
---------------+-------------------+-----
Conjurations   | 4 5 6 |  6.5
Translocations | 1 2 3 |  3.8
Maces & Flails | 5 6 |  6.8
Fighting       | |  2.1
Dodging        | |  2.4
Spellcasting   | |  2.6

Action                     |  1- 3 |  4- 6 |  7- 9 || total
---------------------------+-------+-------+-------++-------
  Melee: Mace              |    64 |    16 |       ||    80
         Whip              |       |    54 |     4 ||    58
   Cast: Momentum Strike   |     1 |     4 |     1 ||     6
         Hailstorm         |       |     5 |     1 ||     6
 Armour: Leather armour    |    30 |    24 |       ||    54
  Dodge: Dodged            |    32 |    33 |     1 ||    66

Table legend: (Time is in decaauts)
 A = Elapsed time spent in this place.
 B = Non-inter-level travel time spent in this place.
 C = Inter-level travel time spent in this place.
 D = Time resting spent in this place.
 E = Time spent auto-exploring this place.
 F = Levels seen in this place.
 G = Mean time per level.
                   A        B        C        D        E       F      G
               +--------+--------+--------+--------+--------+-----+--------+
         Total |   1799 |   1571 |    228 |      0 |   1135 |   4 |  449.8 |
       Dungeon |   1799 |   1571 |    228 |      0 |   1135 |   4 |  449.8 |
               +--------+--------+--------+--------+--------+-----+--------+

Top non-repeatable levels by time:
     D:2: 618 daAuts
     D:3: 467 daAuts
     D:1: 444 daAuts
     D:4: 269 daAuts
